 Dungeon Crawl Stone Soup version 0.29.1-12-g30fa7ad0bf (webtiles) character file.

Game seed: 4449454587720894690

443 croobank the Covered (level 6, -8/84 HPs)
             Began as a Minotaur Fighter on Dec 24, 2022.
             Mangled by Duvessa
             ... wielding a +0 short sword
              (12 damage)
             ... on level 4 of the Dungeon.
             The game lasted 00:14:35 (3943 turns).

croobank the Covered (Minotaur Fighter)             Turns: 3943, Time: 00:14:35

Health: -8/84      AC:  5    Str: 19 (22) XL:     6   Next: 71%
Magic:  5/5        EV: 10    Int:  3 (5)  God:
Gold:   111        SH:  5    Dex:  7 (10) Spells: 5/5 levels left

rFire   . . .      SeeInvis .   a - +0 war axe
rCold   . . .      Faith    .   c - +1 buckler
rNeg    . . .      Spirit   .   g - +2 leather armour {rPois}
rPois   +          Reflect  .   (helmet restricted)
rElec   .          Harm     .   (no cloak)
rCorr   .          Rampage  .   (no gloves)
Will    .....                   (no boots)
Stlth   ..........              (no amulet)
HPRegen 0.24/turn               (no ring)
MPRegen 0.09/turn               (no ring)

@: berserking, very quick
A: horns 2, retaliatory headbutt
a: no special abilities


You were on level 4 of the Dungeon.
You visited 1 branch of the dungeon, and saw 5 of its levels.

You collected 133 gold pieces.
You spent 22 gold pieces at shops.

Inventory:

Hand Weapons
 a - a +0 war axe (weapon)
 l - a +2 dagger of pain
 r - a +0 dagger of speed
Missiles
 d - 4 boomerangs (quivered)
Armour
 b - a +0 scale mail
 c - a +1 buckler (worn)
 g - a +2 leather armour of poison resistance (worn)
Scrolls
 e - a scroll of immolation
 h - a scroll of fear
 k - a scroll of fog
 q - a scroll of magic mapping
Potions
 f - 2 potions of curing
 i - a potion of attraction
 j - a potion of flight
 o - a potion of berserk rage


   Skills:
 + Level 5.5 Fighting
 + Level 4.8 Axes
 + Level 5.5 Armour
 + Level 5.5 Shields


You had 5 spell levels left.
You didn't know any spells.
Your spell library contained the following spells:

 Spells                   Type           Power      Damage    Failure   Level
 Call Canine Familiar     Summ           0%         N/A       95%         3
 Conjure Flame            Conj/Fire      0%         6-21      95%         3
 Ignite Poison            Fire/Tmut/Pois 0%         N/A       95%         3
 Tukima's Dance           Hex            0%         N/A       95%         3
 Passage of Golubria      Tloc           0%         N/A       100%        4
 Petrify                  Tmut/Erth      0%         N/A       100%        4
 Sticky Flame             Conj/Fire      0%         2d3       100%        4
 Yara's Violent Unravell  Hex/Tmut       0%         3d3       100%        5
 Summon Cactus Giant      Summ           0%         N/A       100%        6
 Malign Gateway           Summ/Tloc      0%         N/A       100%        7


Dungeon Overview and Level Annotations

Branches:
Dungeon (5/15)
 Temple: D:4-7

Altars:
Ashenzari
Elyvilon

Shops:
D:2 *

Annotations:
D:3 Pikel
D:4 2 transporters, Duvessa; YCDTOTVFAN's ghost, weakling DrEn


Innate Abilities, Weirdness & Mutations

You have a pair of horns on your head.
You reflexively headbutt those who attack you in melee.


Message History

Duvessa goes berserk!
You swap places.
As you read the scroll labelled CECUDGHEAXO, it crumbles to dust.
You feel strangely unstable.
It was a scroll of teleportation.
Your surroundings seem slightly different.
j - a potion of flight
There is an open door, spattered with blood here.
Things that are here:
a +2 dagger of pain; a +2 robe of cold resistance
l - a +2 dagger of pain Duvessa is no longer charmed.
The air fills with toxic fumes!
As you read the scroll labelled XIGEOJ JIFI, it crumbles to dust.
It was a scroll of poison.
You block Duvessa's attack. Duvessa hits you with a +0 short sword!
You closely miss Duvessa. Your headbutt misses Duvessa.
Duvessa is lightly wounded.
Duvessa hits you with a +0 short sword. Duvessa hits you with a +0 short sword!
You barely miss Duvessa.
Duvessa is lightly wounded.
Duvessa hits you with a +0 short sword! You block Duvessa's attack.
You barely miss Duvessa.
Duvessa is lightly wounded.
You block Duvessa's attack. Duvessa hits you with a +0 short sword!
* * * LOW HITPOINT WARNING * * *
Okay, then.
It was a potion of degeneration.
There was something very wrong with that liquid.
You feel weakened.
You feel dopey.
You feel clumsy. Duvessa hits you with a +0 short sword!
* * * LOW HITPOINT WARNING * * *
Okay, then.
Okay, then.
Unknown command.
A red film seems to cover your vision as you go berserk!
You feel yourself moving faster!
You feel mighty! Duvessa closely misses you. x2
You hit Duvessa. Your headbutt misses Duvessa.
Duvessa is lightly wounded.
Duvessa hits you with a +0 short sword!
You die...

#....## ##.## #....##
§☼#.. #.....# §§§.
#.....# §§§ ####'## #§#
^..##...########§#######
#...'........§☼☼§§§○§§§§
#...#.........#e§§§§☼§§§
#..##.....##..#☼@§§§§§§§
'..##.....##'###§§§§§§§☼
#..'......##.. #§§§##☼§§
#..#.......#..##§§§# .☼
#...###+####...§§§§# #.#
#####☼§§§ #§§○§○ +§§§##§


You could see Duvessa (berserk, fast).

Vanquished Creatures
  A black bear (D:4)
  2 lemures (D:3)
  A scorpion (D:4)
  A gnoll bouda (D:4)
  2 orc priests (D:4)
  An iguana (D:4)
  3 gnolls (D:4)
  An adder (D:3)
  A worm (D:2)
  A dart slug (D:1)
  An orc (D:4)
  6 ball pythons
  9 bats
  7 endoplasms
  5 giant cockroaches
  7 goblins
  5 hobgoblins
  8 kobolds
  6 quokkas
  4 frilled lizards
  4 rats
76 creatures vanquished.

Vanquished Creatures (collateral kills)
  Dowan (D:4)
  Ijyb (D:4)
  A dart slug (D:4)
  A goblin (D:4)
4 creatures vanquished.

Vanquished Creatures (others)
  A lemure (D:4)
  An adder (D:4)
  An orc (D:4)
3 creatures vanquished.

Grand Total: 83 creatures vanquished

Notes
Turn   | Place    | Note
-------+----------+-------------------------------------------
     0 | D:1      | croobank the Minotaur Fighter began the quest for the Orb.
     0 | D:1      | Reached XP level 1. HP: 19/19 MP: 0/0
   367 | D:1      | Reached XP level 2. HP: 27/27 MP: 1/1
   663 | D:1      | Reached XP level 3. HP: 33/33 MP: 2/2
   963 | D:2      | Found Seguitho's General Store.
  1353 | D:2      | Found a broken altar of Ashenzari.
  1361 | D:2      | Identified the +11 short sword of Tiaq Usu {freeze, Int+4}
  1814 | D:2      | Bought a scroll of identify for 22 gold pieces
  2088 | D:3      | Reached XP level 4. HP: 39/41 MP: 3/3
  2319 | D:3      | Found a white marble altar of Elyvilon.
  2367 | D:3      | Got the Papyrus of the Rocks and Summoning
  2496 | D:4      | Noticed Ijyb
  2552 | D:4      | Noticed a scorpion
  2558 | D:4      | Your ally Ijyb died
  2559 | D:4      | Killed a scorpion
  2560 | D:4      | Reached XP level 5. HP: 16/47 MP: 4/4
  2560 | D:4      | HP: 2/47 [orc priest/divine providence (14)]
  2666 | D:4      | Reached skill level 5 in Fighting
  2666 | D:4      | Reached skill level 5 in Armour
  2666 | D:4      | Reached skill level 5 in Shields
  2888 | D:4      | Noticed a lemure
  2889 | D:4      | Noticed a lemure
  2902 | D:5      | Entered Level 5 of the Dungeon
  2902 | D:5      | Noticed an ogre
  2905 | D:4      | Found a transporter.
  2905 | D:4      | Found a transporter.
  2906 | D:4      | Noticed YCDTOTVFAN's ghost (weakling DrEn)
  2907 | D:4      | Identified the +8 great mace of Departure {drain, rElec rC+
                  | Dex-2}
  2907 | D:4      | Noticed an ogre
  2907 | D:4      | Noticed an ogre
  2907 | D:4      | Noticed an ogre
  2915 | D:3      | Killed a lemure
  2995 | D:4      | Noticed a lemure
  2996 | D:4      | Noticed a lemure
  3015 | D:3      | Killed a lemure
  3203 | D:4      | Noticed Pikel
  3523 | D:4      | Reached XP level 6. HP: 56/56 MP: 5/5
  3690 | D:4      | Found a broken altar of Ashenzari.
  3907 | D:4      | Noticed Duvessa
  3907 | D:4      | Noticed Dowan
  3919 | D:4      | Killed Dowan
  3941 | D:4      | HP: 2/56 [Duvessa/+0 short sword (9)]
  3943 | D:4      | Mangled by Duvessa

Illustrated notes

Levels and vault maps discovered:
D:1:      saegor_arrival_simple_d, layout_loops_ring
D:2:      layout_loops_ring, serial_shops, shop, basic_altar
D:3:      kennysheep_big_flooded_room, layout_rooms,
          nicolae_elyvilon_peaceful_grove
D:4:      layout_gridville, ashenzari_conservatory_becter,
          amethyst_overflow_temple_binary, gammafunk_ghost_smash, serial_shops,
          kennysheep_little_box, uniq_pikel, uniq_ijyb, uniq_duvessa
D:5:      layout_rooms, uniq_prince_ribbit1

Skill      XL: |  1  2  3  4  5 |
---------------+----------------+-----
Fighting       | 4 5 |  5.5
Armour         | 4 5 |  5.5
Shields        | 4 5 |  5.5
Axes           | 3 4 |  4.8

Action                   |  1- 3 |  4- 6 || total
-------------------------+-------+-------++-------
Melee: War axe           |   115 |    72 ||   187
       Headbutt          |    14 |    14 ||    28
Throw: Boomerang         |       |    11 ||    11
Evoke: Wand              |       |    14 ||    14
  Use: Scroll            |     8 |     5 ||    13
       Potion            |       |     6 ||     6
Armor: Leather armour    |    56 |    28 ||    84
       Scale mail        |     1 |       ||     1
Dodge: Dodged            |    58 |    44 ||   102
Block: Buckler           |    30 |    29 ||    59
